 Dungeon Crawl Stone Soup version 0.28.0-49-g6dfe1f597d (webtiles) character file.

Game seed: 11632135221961819446

73 Peloso the Shield-Bearer (level 4, 0/41 HPs)
             Began as a Minotaur Fighter on May 17, 2022.
             Slain by an orc priest
             ... wielding a +0 dagger
              (2 damage)
             ... on level 3 of the Dungeon.
             The game lasted 00:01:51 (1066 turns).

Peloso the Shield-Bearer (Minotaur Fighter)         Turns: 1066, Time: 00:01:52

Health: 0/41       AC:  7    Str: 20    XL:     4   Next: 8%
Magic:  3/3        EV:  8    Int:  5    God:
Gold:   102        SH:  9    Dex: 12    Spells: 3/3 levels left

rFire   . . .      SeeInvis .   a - +0 long sword
rCold   . . .      Faith    .   c - +0 kite shield
rNeg    . . .      Spirit   .   b - +0 scale mail
rPois   .          Reflect  .   (helmet restricted)
rElec   .          Harm     .   (no cloak)
rCorr   .          Rampage  .   (no gloves)
Will    .....                   (no boots)
Stlth   ..........              (no amulet)
HPRegen 0.13/turn               (no ring)
MPRegen 0.08/turn               (no ring)

@: no status effects
A: horns 2, retaliatory headbutt
a: no special abilities


You were on level 3 of the Dungeon.
You visited 1 branch of the dungeon, and saw 3 of its levels.
You also visited: Sewer.

You collected 102 gold pieces.

Inventory:

Hand Weapons
 a - a +0 long sword (weapon)
Armour
 b - a +0 scale mail (worn)
 c - a +0 kite shield (worn)
Scrolls
 e - a scroll of identify {unknown}
 f - a scroll of vulnerability {unknown}
 g - 2 scrolls of amnesia {unknown}
 h - 2 scrolls of fear {unknown}
 i - a scroll of enchant weapon {unknown}
 k - 3 scrolls of enchant armour {unknown}
 m - a scroll of teleportation {unknown}
Potions
 d - a potion of might
 j - a potion of magic {unknown}
 l - a potion of degeneration {unknown}


   Skills:
 + Level 4.3 Fighting
 + Level 3.4 Long Blades
 + Level 4.2 Armour
 + Level 0.2 Dodging
 + Level 4.3 Shields


You had 3 spell levels left.
You didn't know any spells.
Your spell library was empty.

Dungeon Overview and Level Annotations

Branches:
Dungeon (3/15)              Sewer (visited)

Altars:

Shops:
D:1 (


Innate Abilities, Weirdness & Mutations

You have a pair of horns on your head.
You reflexively headbutt those who attack you in melee.


Message History

The orc priest mumbles some strange prayers to Beogh against you.
Beogh smites you!
The orc wizard moves out of view.
An orc comes into view. It is wielding a +0 war axe.
There are monsters nearby!
The orc moves out of view.
There is a stone staircase leading down here.
You block the orc wizard's attack.
You slash the orc wizard!
The orc wizard is almost dead.
The orc wizard mumbles some strange words.
The orc wizard flickers and vanishes!
Deactivating autopickup; reactivate with Ctrl-A.
The orc priest hits you but does no damage.
Something hits you but does no damage.
You completely miss the orc priest.
You headbutt the orc priest, but do no damage.
The orc priest barely misses you. You furiously retaliate!
You headbutt the orc priest. Something hits you.
The orc priest hits you with a +0 dagger.
You hit the orc priest but do no damage.
You headbutt the orc priest.
The orc priest is heavily wounded.
Something hits you but does no damage.
The orc priest invokes the aid of Beogh against you.
Pain shoots through your body! You block something's attack.
You hit the orc priest but do no damage.
The orc priest is heavily wounded.
The orc priest hits you with a +0 dagger.
Something hits you.
* * * LOW HITPOINT WARNING * * *
The orc priest hits you with a +0 dagger.
* * * LOW HITPOINT WARNING * * *
You barely miss the orc priest. Your headbutt misses the orc priest.
The orc priest is heavily wounded.
You hear some strange, mumbled words.
A magic dart appears from out of thin air!
The magic dart hits you!
* * * LOW HITPOINT WARNING * * *
The orc priest hits you with a +0 dagger.
You die...

..o #.# #.# #.#
#.# #.# #.# #####
#o# #....
#@############....
#{...............≈
#############...≈≈
##..≈≈ #..≈≈ #...≈
#.... #.... ####.


You could see an orc priest.

Vanquished Creatures
  A hell rat (Sewer)
  2 river rats (Sewer)
  A dart slug (D:1)
  4 endoplasms
  3 giant cockroaches
  A goblin (D:2)
  2 hobgoblins (D:1)
  3 jackals (D:1)
  2 ball pythons (D:3)
  2 bats (D:1)
  A frilled lizard (D:1)
  A kobold (D:1)
  7 rats
30 creatures vanquished.

Notes
Turn   | Place    | Note
-------+----------+-------------------------------------------
     0 | D:1      | Peloso the Minotaur Fighter began the quest for the Orb.
     0 | D:1      | Reached XP level 1. HP: 19/19 MP: 0/0
    71 | D:1      | Found Deoniw's Antique Weapon Boutique.
   154 | D:1      | Reached XP level 2. HP: 27/27 MP: 1/1
   650 | D:2      | You fall into a shaft and drop 1 floor!
   681 | D:3      | Found a glowing drain.
   710 | Sewer    | Entered a sewer
   716 | Sewer    | Reached XP level 3. HP: 28/33 MP: 2/2
   880 | Sewer    | Reached XP level 4. HP: 25/41 MP: 3/3
  1066 | D:3      | HP: 2/41 [something/magic dart (8)]
  1066 | D:3      | Slain by an orc priest

Illustrated notes

Levels and vault maps discovered:
D:1:      minmay_arrival_hallway, layout_rooms, serial_shops, shop_fountains,
          chequers_serial_rivers_room_a
D:2:      minmay_chambers_of_twos, layout_rooms, shapermc_ecumenical_altar_venn
D:3:      layout_loops_ring, dk_yredelemnul_ordeal, portal_sewer_entry_a

Skill      XL: |  1  2  3 |
---------------+----------+-----
Armour         | 4 |  4.2
Fighting       | 4 |  4.3
Shields        | 4 |  4.3
Long Blades    | 3 |  3.4
Dodging        | |  0.2

Action                   |  1- 3 |  4- 6 || total
-------------------------+-------+-------++-------
Melee: Long sword        |    81 |     5 ||    86
       Headbutt          |     7 |     2 ||     9
Armor: Scale mail        |    50 |     3 ||    53
Dodge: Dodged            |    37 |     1 ||    38
Block: Buckler           |     7 |       ||     7
       Kite shield       |    26 |     2 ||    28
